 Dungeon Crawl Stone Soup version 0.17.1-3-g152610e (webtiles) character file.

1163 Gargoyl the Skirmisher (level 8, -1/62 HPs)
             Began as a Demonspawn Abyssal Knight on Mar 15, 2016.
             Was a Priest of Lugonu.
             Slain by an ogre
             ... wielding a +0 giant club
              (23 damage)
             ... on level 6 of the Dungeon.
             The game lasted 00:12:05 (4378 turns).

Gargoyl the Skirmisher (Demonspawn Abyssal Knight)  Turns: 4378, Time: 00:12:05

Health: -1/62      AC: 17    Str: 14    XL:     8   Next: 17%
Magic:  10/10      EV:  8    Int: 15    God:    Lugonu [***...]
Gold:   204        SH:  8    Dex: 11    Spells: 0 memorised, 7 levels left

rFire  + . .     SeeInvis .     D - +0 hand axe (flame)
rCold  + . .     Clarity  .     g - +0 scale mail
rNeg   . . .     SustAt   .     C - +0 shield
rPois  .         Gourm    +     (helmet restricted)
rElec  .         Spirit   .     v - +2 cloak
rCorr  .         Warding  .     w - +2 pair of gloves
rMut   .         Stasis   .     (no boots)
MR     +....                    b - amulet of the gourmand
Stlth  ..........               (no ring)
                                (no ring)

@: somewhat resistant to hostile enchantments, extremely unstealthy
A: horns 2, rough black scales 1, blurry vision 1, cold resistance 1, fire
resistance 1, magic resistance 1, powered by death 2
a: Depart the Abyss, Bend Space, Banish, Renounce Religion


You were on level 6 of the Dungeon.
You worshipped Lugonu.
Lugonu was most pleased with you.
You were not hungry.

You visited 1 branch of the dungeon, and saw 6 of its levels.
You visited the Abyss 1 time.

You collected 204 gold pieces.

Inventory:

Hand Weapons
 a - a +0 war axe
 D - a +0 hand axe of flaming (weapon)
Missiles
 o - 13 javelins (quivered)
Armour
 g - a +0 scale mail (worn)
 v - a +2 cloak (worn)
 w - a +2 pair of gloves (worn)
 C - a +0 shield (worn)
Jewellery
 b - an amulet of the gourmand (around neck)
 q - an uncursed ring of ice
 A - an uncursed ring of fire
Wands
 z - a wand of confusion (47)
Scrolls
 e - 7 scrolls of remove curse
 h - 2 scrolls of recharging
 m - 2 scrolls of teleportation
 u - a scroll of magic mapping
Potions
 d - a potion of curing
 f - a potion of haste {unknown}
 j - a potion of heal wounds {unknown}
 k - a potion of mutation {unknown}
 B - a potion of agility
Books
 y - the Grimoire of Stones
   (You found it on level 4 of the Dungeon)

   Spells                             Type                      Level
   a - Stone Arrow                    Conjuration/Earth            3
   b - Petrify                        Transmutation/Earth          4
   c - Iron Shot                      Conjuration/Earth            6
Comestibles
 c - 3 bread rations
 i - a beef jerky
 p - a meat ration


   Skills:
 + Level 5.0 Fighting
 + Level 3.9 Axes
 + Level 4.4 Armour
 + Level 4.7 Dodging
 + Level 0.8 Stealth
 + Level 2.5 Shields
 + Level 3.1 Invocations


You had 7 spell levels left.
You didn't know any spells.

Dungeon Overview and Level Annotations

Branches:
Dungeon (6/15)             Temple (0/1) D:5

Altars:
Kikubaaqudgha

Shops:
D:5 }


Innate Abilities, Weirdness & Mutations

You have a pair of horns on your head.
You are partially covered in rough black scales (AC +4, Dex -1).
Your flesh is cold resistant.
You regenerate health from kills.
Scrolls take you a little longer to read.
Your flesh is heat resistant.
You are resistant to hostile enchantments.


Message History

You hit the ogre. You burn the ogre.
The ogre is severely wounded.
The ogre barely misses you.
You hit the ogre but do no damage.
The ogre is severely wounded.
The ogre hits you with a giant club!
You hit the ogre. You burn the ogre.
The ogre is severely wounded.
The ogre closely misses you.
You hit the ogre. You burn the ogre. Your headbutt misses the ogre.
The ogre is almost dead.
You hit the crimson imp.
The crimson imp is lightly wounded.
You block the crimson imp's attack.
You barely miss the ogre.
You headbutt the ogre, but do no damage.
The ogre is almost dead.
You hit the crimson imp but do no damage.
The ogre hits you with a giant club!!
You die...

#... #...
####...
.......
.......
.......
......O#####
......5@...#
.......###.#
##+#### #.#
#.# #.# #.#
#.# #.#
#.... #.#
#....


You could see an ogre and a crimson imp.

Vanquished Creatures
  Sigmund (D:2)
  A sky beast (D:5)
  2 phantoms
  A hound (D:4)
  A centaur zombie (D:5)
  An iguana (D:5)
  Ijyb (D:2)
  4 orc wizards
  An orc priest (D:3)
  Terence (D:2)
  5 worker ants
  A hound skeleton (D:5)
  11 adders
  8 gnolls
  An ooze (D:3)
  2 worms (D:2)
  2 giant geckos
  12 orcs
  A ball python (D:1)
  4 giant cockroaches
  7 goblins
  11 hobgoblins
  9 jackals
  7 kobolds
  3 quokkas
  11 bats
  A giant gecko skeleton (D:5)
  4 giant newts
  5 rats
119 creatures vanquished.

Vanquished Creatures (others)
  A jackal (D:3)
  7 toadstools (D:1)
8 creatures vanquished.

Grand Total: 127 creatures vanquished

Notes
Turn   | Place    | Note
--------------------------------------------------------------
     0 | Abyss:1  | Gargoyl the Demonspawn Abyssal Knight began the quest for the Orb.
     0 | Abyss:1  | Reached XP level 1. HP: 18/18 MP: 2/2
    52 | D:1      | Escaped the Abyss
   193 | D:1      | Reached * piety under Lugonu
   327 | D:1      | Gained mutation: You regenerate a little health from kills. [demonic ancestry]
   327 | D:1      | Reached XP level 2. HP: 24/24 MP: 3/3
   491 | D:1      | Reached skill level 1 in Dodging
  1056 | D:2      | Noticed Ijyb
  1091 | D:2      | Killed Ijyb
  1091 | D:2      | Gained mutation: Your flesh is cold resistant. [demonic ancestry]
  1091 | D:2      | Reached XP level 3. HP: 18/29 MP: 5/5
  1263 | D:2      | Gained mutation: You have a pair of small horns on your head. [demonic ancestry]
  1263 | D:2      | Reached XP level 4. HP: 36/36 MP: 6/6
  1366 | D:2      | Noticed Sigmund
  1387 | D:2      | Killed Sigmund
  1387 | D:2      | Reached skill level 4 in Fighting
  1387 | D:2      | Reached skill level 1 in Shields
  1387 | D:2      | Reached XP level 5. HP: 12/42 MP: 7/7
  1619 | D:2      | Noticed a giant frog
  1654 | D:2      | Noticed Terence
  1667 | D:2      | Killed Terence
  1667 | D:2      | Reached ** piety under Lugonu
  1667 | D:2      | Gained mutation: You regenerate health from kills. [demonic ancestry]
  1667 | D:2      | Reached XP level 6. HP: 48/48 MP: 8/8
  2459 | D:3      | Found an ancient bone altar of Kikubaaqudgha.
  2623 | D:3      | Reached *** piety under Lugonu
  2793 | D:4      | Gained mutation: You have a pair of horns on your head. [demonic ancestry]
  2793 | D:4      | Reached XP level 7. HP: 55/55 MP: 9/9
  2822 | D:4      | Identified the Grimoire of Stones
  3311 | D:5      | Entered Level 5 of the Dungeon
  3374 | D:5      | Found a staircase to the Ecumenical Temple.
  3496 | D:5      | Gained mutation: Your flesh is heat resistant. [mutagenic meat]
  3497 | D:5      | Gained mutation: You are resistant to hostile enchantments. [mutagenic meat]
  3498 | D:5      | Gained mutation: Scrolls take you a little longer to read. [mutagenic meat]
  3754 | D:5      | Gained mutation: You are partially covered in rough black scales (AC +4, Dex -1). [demonic ancestry]
  3754 | D:5      | Reached XP level 8. HP: 57/61 MP: 10/10
  3820 | D:5      | Found Kuitwuq's Gadget Emporium.
  4301 | D:6      | Reached skill level 5 in Fighting
  4378 | D:6      | Slain by an ogre

Action                   |  1- 3 |  4- 6 |  7- 9 || total
-------------------------+-------+-------+-------++-------
Melee: Hand axe          |   128 |   227 |   242 ||   597
Invok: Depart the Abyss  |     1 |       |       ||     1
  Use: Potion            |       |     2 |     6 ||     8
       Scroll            |       |     1 |     9 ||    10
  Eat: Chunk             |     2 |     5 |     5 ||    12
       Bread ration      |       |       |     1 ||     1
